 Dungeon Crawl Stone Soup version 0.21.1-1-g345015fe64 (webtiles) character file.

107 LisaTheBanana the Ducker (level 4, -1/44 HPs)
             Began as a Troll Fighter on Apr 8, 2018.
             Slain by a gnoll
             ... wielding a +0 club
              (5 damage)
             ... on level 3 of the Dungeon.
             The game lasted 00:06:35 (1857 turns).

LisaTheBanana the Ducker (Troll Fighter)            Turns: 1857, Time: 00:06:36

Health: -1/44      AC:  7    Str: 24    XL:     4   Next: 57%
Magic:  3/3        EV:  8    Int:  4    God:
Gold:   51         SH:  9    Dex: 10    Spells: 3/3 levels left

rFire    . . .     SeeInvis .   j - +1 short sword (flame)
rCold    . . .     Gourm    +   c - +0 shield
rNeg     . . .     Faith    .   b - +0 robe
rPois    .         Spirit   .   (helmet restricted)
rElec    .         Reflect  .   r - +1 cloak
rCorr    .         Harm     .   (gloves unavailable)
MR       .....                  (boots unavailable)
Stlth    +.........             (no amulet)
HPRegen  0.54/turn              (no ring)
MPRegen  0.08/turn              (no ring)

@: no status effects
A: large, unfitting armour, claws 3, fast metabolism 3, gourmand, regeneration
1, shaggy fur 1, tough skin 2
a: no special abilities


You were on level 3 of the Dungeon.
You were not hungry.

You visited 1 branch of the dungeon, and saw 3 of its levels.

You collected 51 gold pieces.

Inventory:

Hand Weapons
 a - a +0 flail
 j - a +1 short sword of flaming (weapon)
Armour
 b - a +0 robe (worn)
 c - a +0 shield (worn)
 r - a +1 cloak (worn)
Jewellery
 p - an uncursed ring of poison resistance {unknown}
Wands
 u - a wand of iceblast (9)
Scrolls
 g - a scroll of random uselessness {unknown}
 k - 2 scrolls of identify {unknown}
 l - 2 scrolls of enchant armour {unknown}
 m - a scroll of teleportation {unknown}
 n - a scroll of immolation {unknown}
 o - a scroll of enchant weapon {unknown}
 t - a scroll of blinking {unknown}
Potions
 d - a potion of might
 e - a potion of agility {unknown}
 h - 3 potions of heal wounds {unknown}
 i - 2 potions of brilliance {unknown}
 q - a potion of curing {unknown}
 s - a potion of ambrosia {unknown}
Comestibles
 f - 6 rations


   Skills:
 + Level 2.8 Fighting
 + Level 1.2 Short Blades
 + Level 1.9 Maces & Flails
 + Level 3.1 Dodging
 + Level 0.4 Stealth
 + Level 3.0 Shields


You had 3 spell levels left.
You didn't know any spells.

Dungeon Overview and Level Annotations

Branches:
Dungeon (3/15)

Altars:


Innate Abilities, Weirdness & Mutations

You are too large for most types of armour.
You have claws for hands.
Your metabolism is lightning-fast.
You like to eat raw meat.
Your natural rate of healing is unusually fast.
You are covered in fur. (AC +1)
You have very tough skin. (AC +2)


Message History

* * * LOW HITPOINT WARNING * * *
You hit the hobgoblin. You burn the hobgoblin.
You kill the hobgoblin!
The gnoll hits you but does no damage.
You closely miss the quokka.
You feel sick.
You are no longer poisoned.
The quokka bites you but does no damage.
You block the gnoll's attack. You block the quokka's attack.
You hit the quokka. You burn the quokka.
You kill the quokka!
You block the gnoll's attack.
You barely miss the gnoll.
The gnoll is moderately wounded.
The gnoll hits you from afar with a spear.
* * * LOW HITPOINT WARNING * * *
You block the gnoll's attack.
You hit the gnoll but do no damage.
The gnoll is moderately wounded.
You block the gnoll's attack. The gnoll hits you with a club.
You die...

....# .... #.....
... #...... ..##
....... ...
....... #.# .....#
#.##.....##
##.<#?......
#.@gg......#
........##w...%.%.
.....#####........
.... #...#..## ...
#..#...# ..
......... .
......... ........


You could see a worm and 2 gnolls.

Vanquished Creatures
  2 gnolls (D:3)
  3 adders
  An ooze (D:1)
  2 worms (D:2)
  2 leopard geckos
  2 ball pythons
  5 bats
  4 giant cockroaches
  4 goblins
  3 hobgoblins
  4 jackals (D:2)
  A quokka (D:3)
  3 frilled lizards
  6 kobolds
  7 rats
49 creatures vanquished.

Notes
Turn   | Place    | Note
-------+----------+-------------------------------------------
     0 | D:1      | LisaTheBanana the Troll Fighter began the quest for the Orb.
     0 | D:1      | Reached XP level 1. HP: 22/22 MP: 0/0
   119 | D:1      | Reached XP level 2. HP: 29/29 MP: 1/1
   897 | D:2      | Reached XP level 3. HP: 6/36 MP: 2/2
  1523 | D:2      | Reached skill level 1 in Short Blades
  1523 | D:2      | Reached XP level 4. HP: 37/44 MP: 3/3
  1857 | D:3      | Slain by a gnoll

Skill      XL: |  1  2  3  4 |
---------------+-------------+-----
Short Blades   | 1 |  1.2
Dodging        | 3 |  3.1
Shields        | 3 |  3.0
Fighting       | |  2.8
Maces & Flails | |  1.9
Stealth        | |  0.4

Action                   |  1- 3 |  4- 6 || total
-------------------------+-------+-------++-------
Melee: Flail             |    10 |       ||    10
       Short sword       |   102 |    52 ||   154
  Eat: Chunk             |     7 |     2 ||     9
       Ration            |     1 |     1 ||     2
Armor: Robe              |    39 |    20 ||    59
Dodge: Dodged            |    30 |    39 ||    69
Block: Shield            |    60 |    34 ||    94
